AoeStats
← Concept of Law

Arabia

510037343Analyzed
1v1 RM · 2d ago on Sep 29, 2026· 54m 58s· 2 players
Game mode
Random Map
Map size
Tiny (2 player)
Population
200
Speed
Normal
Resources
Standard
Victory
Conquest
Starting age
Dark Age
Ending age
Imperial Age
RankedLock teamsTeams togetherTeam positionsShared explorationLock speedFull tech treeHidden civsTurbo modeCheats
Victory
Defeat
🇲🇽 Celts · Mexico
975
+15
🇺🇸 Romans · United States
961
-15
Concept of Law
12:22 Feudal Age
13:06 Double-Bit Axe
16:31 Fletching
17:29 Loom
21:14 Castle Age
19:19 Horse Collar
22:20 Bow Saw
22:26 Bodkin Arrow
22:04 Man-at-Arms
22:47 Scale Mail Armor
22:57 Forging
23:15 Heavy Plow
25:18 Scale Barding Armor
25:22 Gold Mining
26:12 Bloodlines
26:54 Stone Mining
27:39 Husbandry
28:01 Chain Barding Armor
27:40 Town Watch
30:32 Wheelbarrow
31:53 Hand Cart
34:50 Imperial Age
34:26 Gold Shaft Mining
35:48 Iron Casting
35:39 Heavy Scorpion
36:46 Cavalier
42:49 Chemistry
48:41 Crop Rotation
51:39 Town Patrol
giovannivmla
10:07 Feudal Age
11:15 Horse Collar
11:27 Double-Bit Axe
19:01 Stone Mining
21:19 Castle Age
20:01 Gold Mining
22:50 Bow Saw
28:09 Heavy Plow
27:57 Elite Skirmisher
31:51 Wheelbarrow
33:10 Hand Cart
34:14 Forging
34:05 Scale Mail Armor
33:56 Fletching
43:15 Imperial Age
40:33 Loom
41:43 Iron Casting
41:01 Arson
43:29 Elite Woad Raider
46:35 Conscription
45:39 Pikeman
46:40 Halberdier
46:49 Capped Ram
48:11 Furor Celtica
48:54 Stone Shaft Mining
48:54 Gold Shaft Mining
48:47 Husbandry
48:22 Cavalier
50:08 Blast Furnace
49:24 Chain Mail Armor
49:14 Scale Barding Armor
50:13 Bodkin Arrow
51:22 Blast Furnace
50:24 Siege Ram
51:28 Paladin
Connection lost

Rejoining the realm…

Still unreachable

The connection could not be restored.

Session expired

The server has moved on; the page needs a fresh start.